 Dungeon Crawl Stone Soup version 0.23.2-30-g0e89c35649 (webtiles) character file.

Game seed: 9742009834540655697

249 doot the Conjurer (level 6, -1/32 HPs)
             Began as a Tengu Conjurer on June 14, 2019.
             Engulfed by Sigmund's steam (9 damage)
             ... on level 3 of the Dungeon.
             The game lasted 00:05:52 (2585 turns).

doot the Conjurer (Tengu Conjurer)                  Turns: 2585, Time: 00:05:53

Health: -1/32      AC:  2    Str:  9    XL:     6   Next: 12%
Magic:  11/11      EV: 16    Int: 17    God:
Gold:   95         SH:  0    Dex: 14    Spells: 5/11 levels left

rFire    . . .     SeeInvis .   j - +0 short sword
rCold    . . .     Gourm    .   (no shield)
rNeg     . . .     Faith    +   a - +0 robe
rPois    .         Spirit   .   (helmet restricted)
rElec    .         Reflect  .   (no cloak)
rCorr    .         Harm     .   (no gloves)
MR       .....                  (boots unavailable)
Stlth    +.........             p - amulet of faith
HPRegen  0.10/turn              b - +1 ring of evasion
MPRegen  0.12/turn              (no ring)

@: confused, flying quickly and evasively, quick
A: beak, talons 3, able to fly
a: Stop Flying


You were on level 3 of the Dungeon.
You were not hungry.

You visited 1 branch of the dungeon, and saw 3 of its levels.

You collected 95 gold pieces.

Inventory:

Hand Weapons
 j - a +0 short sword (weapon)
Armour
 a - a +0 robe (worn)
Jewellery
 b - a +1 ring of evasion (left hand)
 l - an uncursed amulet of rage
 p - an amulet of faith (around neck)
Scrolls
 d - a scroll of enchant armour {unknown}
 e - 3 scrolls of identify {unknown}
 f - a scroll of fog {unknown}
 i - 2 scrolls of teleportation {unknown}
 k - a scroll of remove curse {unknown}
 n - a scroll of immolation {unknown}
 q - a scroll of fear {unknown}
Potions
 g - a potion of curing
 o - a potion of flight {unknown}
Comestibles
 c - 3 rations
 m - 3 chunks of flesh


   Skills:
 + Level 2.8 Dodging
 + Level 3.0 Stealth
 + Level 3.2 Spellcasting
 + Level 7.8 Conjurations


You had 5 spell levels left.
You knew the following spells:

 Your Spells              Type           Power        Failure   Level  Hunger
a - Magic Dart            Conj           ####         1%          1    None
b - Searing Ray           Conj           ####..       1%          2    ##.....
c - Dazzling Spray        Conj/Hex       ###...       10%         3    ###....

Your spell library contained the following spells:

 Spells                   Type           Power        Failure   Level  Hunger
 Iskenderun's Mystic Bla  Conj           ####....     7%          4    ####...
 Force Lance              Conj/Tloc      ###.....     32%         4    ####...
 Fulminant Prism          Conj/Hex       ###.......   32%         4    ####...


Dungeon Overview and Level Annotations

Branches:
Dungeon (3/15)

Altars:

Annotations:
D:3 2 runed translucent doors, Sigmund; cjay27's ghost, amateur OgBe


Innate Abilities, Weirdness & Mutations

You have a beak for a mouth.
You have claws for feet.
You can fly continuously.


Message History

You are confused.
It was a potion of ambrosia.
You are more confused.
You feel invigorated.
Sigmund screams, "Die, monster!"
Sigmund casts a spell at you. The puff of flame misses you.
You bump into the rock wall.
You are engulfed in a cloud of scalding steam.
* * * LOW HITPOINT WARNING * * *
Sigmund is engulfed in a cloud of scalding steam.
Unknown command.
You feel less invigorated. Sigmund casts a spell at you.
The magic dart hits you!
* * * LOW HITPOINT WARNING * * *
Unknown command.
Unknown command.
You are engulfed in a cloud of scalding steam.
You die...

...........####...÷.....).......
#<......## ######.#####.##..#
##.##...#### #.# #.....# #
#).....# #####.# #.##..#
##..##.###.....# #.###..
#<......#####.# #.# ###
#.............# #.# #
########≈≈≈##)#####.#####
#@.≈@.............
#≈.≈.#######.##### #≈.≈.# #.#
##...# #.# ##### #.. ###


You could see Sigmund.

Vanquished Creatures
  A centaur skeleton (D:2)
  An iguana (D:2)
  7 gnolls
  8 adders
  2 worms
  2 giant cockroaches
  5 goblins
  5 hobgoblins
  3 jackals (D:2)
  A quokka (D:3)
  2 ball pythons
  5 bats
  9 frilled lizards
  6 kobolds
  9 rats
66 creatures vanquished.

Notes
Turn   | Place    | Note
-------+----------+-------------------------------------------
     0 | D:1      | doot the Tengu Conjurer began the quest for the Orb.
     0 | D:1      | Reached XP level 1. HP: 10/10 MP: 4/4
   230 | D:1      | Reached XP level 2. HP: 15/15 MP: 4/6
   234 | D:1      | Learned a level 2 spell: Searing Ray
   902 | D:2      | Reached skill level 6 in Conjurations
   906 | D:2      | Reached XP level 3. HP: 19/19 MP: 1/7
  1264 | D:2      | Reached XP level 4. HP: 24/24 MP: 1/8
  1548 | D:2      | Reached skill level 7 in Conjurations
  1562 | D:2      | Gained mutation: You can fly continuously. [Tengu growth]
  1562 | D:2      | Reached XP level 5. HP: 28/28 MP: 0/9
  1772 | D:2      | Learned a level 3 spell: Dazzling Spray
  2153 | D:3      | Found a large runed translucent door.
  2159 | D:3      | Found a large runed translucent door.
  2187 | D:3      | Noticed cjay27's ghost (amateur OgBe)
  2380 | D:3      | Reached XP level 6. HP: 32/32 MP: 4/11
  2524 | D:3      | Noticed Sigmund
  2577 | D:3      | HP: 1/32 [Sigmund] (2)]
  2585 | D:3      | Engulfed by Sigmund's steam

Skill      XL: |  1  2  3  4  5 |
---------------+----------------+-----
Conjurations   | 6 7 |  7.8
Spellcasting   | 3 |  3.2
Stealth        | 3 |  3.0
Dodging        | |  2.8

Action                   |  1- 3 |  4- 6 || total
-------------------------+-------+-------++-------
Melee: Short sword       |       |     3 ||     3
 Cast: Magic Dart        |    46 |    44 ||    90
       Searing Ray       |     2 |    10 ||    12
       Dazzling Spray    |       |     2 ||     2
 Abil: Fly               |       |     1 ||     1
  Use: Potion            |     1 |     1 ||     2
  Eat: Chunk             |     2 |     5 ||     7
Armor: Robe              |       |     3 ||     3
Dodge: Dodged            |    10 |    10 ||    20
